 Dungeon Crawl Stone Soup version 0.17-a0-1946-gfb768fe (webtiles) character file.

20 HungrySpirit the Ruffian (level 2, 0/23 HPs)
             Began as a Draconian Transmuter on Oct 1, 2015.
             Slain by a kobold
             ... wielding a +2 short sword of freezing
              (1 damage)
             ... on level 1 of the Dungeon.
             The game lasted 00:01:52 (415 turns).

HungrySpirit the Ruffian (Draconian Transmuter)      Turns: 415, Time: 00:01:53

Health: 0/23       AC:  4    Str: 12    XL:     2   Next: 58%
Magic:  4/5        EV: 12    Int: 13    God:
Gold:   18         SH:  0    Dex: 11    Spells: 1 memorised, 4 levels left

rFire  . . .     SeeInvis .       - Unarmed
rCold  . . .     Clarity  .     (armour unavailable)
rNeg   . . .     SustAt   .     (no shield)
rPois  .         Gourm    .     (helmet restricted)
rElec  .         Spirit   .     (no cloak)
rCorr  .         Warding  .     (no gloves)
rMut   .         Stasis   .     (boots currently unavailable)
MR     .....                    (no amulet)
Stlth  +.........               (no ring)
                                (no ring)

@: appendage, slowed, very slow, not resistant to hostile enchantments, very
unstealthy
A: unfitting armour, talons 3, cold-blooded, AC +4
a: End Transformation


You were on level 1 of the Dungeon.
You were not hungry.
You had grown temporary talons.
You visited 1 branch of the dungeon, and saw 1 of its levels.

You collected 18 gold pieces.

Inventory:

Missiles
 a - 12 arrows
 d - 9 arrows of flame
Books
 b - a book of Changes

   Spells                             Type                      Level
   a - Beastly Appendage              Transmutation                1
   b - Sticks to Snakes               Transmutation                2
   c - Spider Form                    Transmutation/Poison         3
   d - Ice Form                       Ice/Transmutation            4
   e - Blade Hands                    Transmutation                5
Comestibles
 c - 2 bread rations
 h - a meat ration


   Skills:
 - Level 1.1 Fighting
 - Level 1.7 Dodging
 + Level 3.2 Unarmed Combat
 + Level 2.2 Spellcasting
 * Level 2.6 Transmutations


You had 4 spell levels left.
You knew the following spells:

 Your Spells              Type           Power        Failure   Level  Hunger
a - Beastly Appendage     Trmt           #.....       10%         1    ##.....


Dungeon Overview and Level Annotations

Branches:
Dungeon (1/15)

Altars:


Innate Abilities, Weirdness & Mutations

Your plain brown scales are hard (AC +4).
Your body does not fit into most forms of armour.
You are cold-blooded and may be slowed by cold attacks.
You have claws for feet.


Message History

Drink which item? (? for menu, Esc to quit)
It was a potion of cure mutation.
It has a very clean taste.
The kobold hits you with a short sword of freezing.
The kobold freezes you.
* * * LOW HITPOINT WARNING * * *
You feel yourself slow down.
Casting: Beastly Appendage
Confirm with . or Enter, or press ? or * to list all spells.
Your feet morph into talons.
The kobold hits you with a short sword of freezing.
* * * LOW HITPOINT WARNING * * *
The kobold freezes you.
* * * LOW HITPOINT WARNING * * *
You feel as though you will be slow longer.
The kobold hits you but does no damage.
You hit the kobold but do no damage. You claw the kobold, but do no damage.
The kobold hits you with a short sword of freezing.
* * * LOW HITPOINT WARNING * * *
The kobold freezes you.
You die...

.## ##.....####...(...........#†.
..###.........g........>......†..
........##.####..............##..
........##K#####............###..
÷####.#.##...# .............# ##.
## #......#g##.##.#####.##.#####
#......#....##.## ##.##.#...#
####......#...##...###..##......
.............##@....##.###......
####..........K.................
#......###.g.....#..###......
#.......####..÷.#..## ##....#
#.......# #...)...## ##..###
##........##......## ##...###
#.......#....(....# ###....##.
#.##########(###..##..........
####.# ####....#....##....###


You could see a goblin and a kobold.

Vanquished Creatures
  An ooze (D:1)
  A giant cockroach (D:1)
  2 goblins (D:1)
  2 hobgoblins (D:1)
  2 jackals (D:1)
  2 kobolds (D:1)
  2 giant newts (D:1)
  3 rats (D:1)
15 creatures vanquished.

Notes
Turn   | Place    | Note
--------------------------------------------------------------
     0 | D:1      | HungrySpirit the Draconian Transmuter began the quest for the Orb.
     0 | D:1      | Reached XP level 1. HP: 16/16 MP: 3/3
   108 | D:1      | Reached XP level 2. HP: 15/23 MP: 3/5
   415 | D:1      | HP: 1/23 [kobold/short sword of freezing (1)]
   415 | D:1      | Slain by a kobold

Vault maps used:
D:1:      sevenhm_arrival_forest_fort_small_3

Action                   || total
-------------------------++-------
Melee: Unarmed           ||    65
 Cast: Beastly Appendage ||     6
  Use: Potion            ||     2
